 Dungeon Crawl Stone Soup version 0.31-a0-7-g51783674b7 (webtiles) character file.

Game seed: 16745383808480526562

26 ketsa the Conjurer (level 2, 0/20 HPs)
             Began as a Demigod Conjurer on May 5, 2023.
             Succumbed to Robin's poison
             ... on level 1 of the Dungeon.
             The game lasted 00:02:54 (1230 turns).

ketsa the Conjurer (Demigod Conjurer)               Turns: 1230, Time: 00:02:55

Health: 0/20       AC:  3    Str:  8    XL:     2   Next: 69%
Magic:  1/7        EV: 12    Int: 20    God:
Gold:   22         SH:  0    Dex: 12    Spells: 4/5 levels left

rFire   . . .        d - +0 short sword
rCold   . . .        (no shield)
rNeg    . . .        a - +0 robe
rPois   .            (no helmet)
rElec   .            f - +0 cloak
rCorr   .            (no gloves)
SInv    .            (no boots)
Will    .....        (no amulet)
Stlth   ++           (no ring)
HPRegen 0.23/turn    (no ring)
MPRegen 0.10/turn

%: no passive effects
@: lethally poisoned (0 -> -6), very slightly contaminated
A: high MP 1, forlorn, divine attributes
a: no special abilities


You were on level 1 of the Dungeon.
You visited 1 branch of the dungeon, and saw 2 of its levels.

You collected 22 gold pieces.

Inventory:

Hand Weapons
 d - a +0 short sword (weapon)
Missiles
 e - 8 stones
Armour
 a - a +0 robe (worn)
 f - a +0 cloak (worn)
Scrolls
 g - a scroll of identify {unknown}
 h - a scroll of blinking {unknown}
 i - a scroll of fog {unknown}
Potions
 b - a potion of magic
 c - a potion of resistance {unknown}


   Skills:
 + Level 2.3 Dodging
 - Level 1.7 Stealth
 + Level 2.2 Spellcasting
 + Level 3.9 Conjurations


You had 4 spell levels left.
You knew the following spells:

 Your Spells              Type           Power      Damage    Failure   Level
a - Magic Dart            Conj           72%        1d6       3%          1

Your spell library contained the following spells:

 Spells                   Type           Power      Damage    Failure   Level
 Searing Ray              Conj           36%        2d5       4%          2
 Dazzling Flash           Conj/Hex       20%        N/A       21%         3
 Call Canine Familiar     Summ           2%         N/A       43%         3
 Portal Projectile        Hex/Tloc       4%         N/A       43%         3
 Fulminant Prism          Conj/Hex       5%         3d6       56%         4
 Iskenderun's Mystic Bla  Conj/Tloc      10%        2d4       56%         4
 Leda's Liquefaction      Hex/Erth       1%         N/A       83%         4


Dungeon Overview and Level Annotations

Branches:
Dungeon (2/15)

Annotations:
D:1 Robin


Innate Abilities, Weirdness & Mutations

You have an increased reservoir of magic. (+10% MP)
You shall have no god before yourself.
Your divine heritage dramatically boosts your attributes as you level up.


Message History

The magic dart hits Robin.
Robin is heavily wounded.
You feel sick. Robin hits you but does no damage.
You are lethally poisoned!
Casting: Magic Dart (safe; 3% risk of failure)
Confirm with . or Enter, or press ? or * to list all spells.
Aiming: Magic Dart (safe; 3% risk of failure)
Press: ? - help, Shift-Dir - straight line, f/p - Robin
Aim: Robin, wielding a +2 short sword of venom, wearing a +0 animal skin and wearing a +0 helmet (heavily wounded, 100% to hit)
You miscast Magic Dart.
You are very lightly contaminated with residual magic.
Nothing appears to happen.
You feel very sick.
Robin drinks a potion.
Robin is healed!
Casting: Magic Dart (safe; 3% risk of failure)
Confirm with . or Enter, or press ? or * to list all spells.
Aiming: Magic Dart (safe; 3% risk of failure)
Press: ? - help, Shift-Dir - straight line, f/p - Robin
Aim: Robin, wielding a +2 short sword of venom, wearing a +0 animal skin and wearing a +0 helmet (lightly wounded, 100% to hit)
The magic dart hits Robin but does no damage.
Robin is lightly wounded.
You feel very sick. Robin barely misses you.
Casting: Magic Dart (safe; 3% risk of failure)
Confirm with . or Enter, or press ? or * to list all spells.
Aiming: Magic Dart (safe; 3% risk of failure)
Press: ? - help, Shift-Dir - straight line, f/p - Robin
Aim: Robin, wielding a +2 short sword of venom, wearing a +0 animal skin and wearing a +0 helmet (lightly wounded, 100% to hit)
The magic dart hits Robin but does no damage.
Robin is lightly wounded.
* * * LOW HITPOINT WARNING * * *
You feel sick.
Robin says, "My goblins will feast on your bones."
Robin closely misses you.
* * * LOW HITPOINT WARNING * * *
You feel sick.
Robin hits you with a +2 short sword of venom.
* * * LOW HITPOINT WARNING * * *
You climb upwards.
You die...

####.##### #.....#.###
####.## ##.)..#
##......#### #.##
#..#### #..###....##
#... #.##
###......##..# ###.
#.# #...##.....#.# #.
#.#
#####.####.###...#####
#. ..#
#.......#......#.....#
#. .##
#.......#†.#########.#
#. .# #........@##
#.##### .# #.......g##
#...# .# #.......##
#####.# .# #.......#
#≈# #.### .# #.......#
##≈###.... ##
#.......# ##≈≈≈######
###### #.......#
#≈≈≈≈# #
~~~~~####.##~.~##
#≈≈≈≈######
##~~~~~~....~)..##
#≈~~≈#....~


You could see Robin.

Vanquished Creatures
  A dart slug (D:1)
  2 bats (D:1)
  An endoplasm (D:1)
  7 goblins (D:2)
  3 hobgoblins
  2 ball pythons (D:1)
  4 kobolds (D:1)
  2 rats (D:1)
22 creatures vanquished.

Notes
Turn   | Place    | Note
-------+----------+-------------------------------------------
     0 | D:1      | ketsa the Demigod Conjurer began the quest for the Orb.
     0 | D:1      | Reached XP level 1. HP: 14/14 MP: 5/5
   491 | D:1      | Reached XP level 2. HP: 20/20 MP: 5/7
  1155 | D:2      | Noticed Robin
  1229 | D:2      | HP: 1/20 [Robin/+2 short sword of venom (3)]
  1230 | D:1      | Succumbed to Robin's poison

Illustrated notes

Levels and vault maps discovered:
D:1:      nicolae_arrival_washed_ashore, layout_rooms, serial_rivers,
          chequers_serial_rivers_large_b, chequers_serial_rivers_room_b,
          chequers_serial_rivers_micro_e, chequers_serial_rivers_micro_e,
          chequers_serial_rivers_micro_c, chequers_serial_rivers_large_a,
          eino_curves_01, minmay_misc_feat_columns
D:2:      layout_rooms, basic_altar, shapermc_ecumenical_altar_hornbeckon,
          uniq_jessica, uniq_robin, uniq_terence

Skill      XL: |  1 |
---------------+----+-----
Dodging        | 2 |  2.3
Spellcasting   | 2 |  2.2
Stealth        | |  1.7
Conjurations   | |  3.9

Action                     || total
---------------------------++-------
  Melee: Short sword       ||     8
   Cast: Magic Dart        ||    53
 Armour: Robe              ||     1
  Dodge: Dodged            ||    21

Table legend: (Time is in decaauts)
 A = Elapsed time spent in this place.
 B = Non-inter-level travel time spent in this place.
 C = Inter-level travel time spent in this place.
 D = Time resting spent in this place.
 E = Time spent auto-exploring this place.
 F = Levels seen in this place.
 G = Mean time per level.
                   A        B        C        D        E       F      G
               +--------+--------+--------+--------+--------+-----+--------+
         Total |   1272 |   1243 |     29 |    230 |    791 |   2 |  636.0 |
       Dungeon |   1272 |   1243 |     29 |    230 |    791 |   2 |  636.0 |
               +--------+--------+--------+--------+--------+-----+--------+

Top non-repeatable levels by time:
     D:1: 1179 daAuts
     D:2: 92 daAuts
